 Dungeon Crawl Stone Soup version 0.29.1-13-g9f3cf754e1 (webtiles) character file.

Game seed: 15019127823331184613

161 Exodus22XD the Shield-Bearer (level 5, 47/47 HPs)
             Began as a Minotaur Fighter on Feb 4, 2023.
             Was a Follower of Cheibriados.
             Quit the game on level 3 of the Dungeon.
             The game lasted 00:02:04 (1931 turns).

Exodus22XD the Shield-Bearer (Minotaur Fighter)     Turns: 1931, Time: 00:02:04

Health: 47/47      AC: 17    Str: 24    XL:     5   Next: 18%
Magic:  4/4        EV:  6    Int:  7    God:    Cheibriados [*.....]
Gold:   189        SH:  5    Dex: 12    Spells: 4/4 levels left

rFire   . . .      SeeInvis .   a - +0 war axe
rCold   . . .      Faith    .   c - +0 buckler
rNeg    . . .      Spirit   .   t - +0 plate armour
rPois   .          Reflect  .   (helmet restricted)
rElec   .          Harm     .   (no cloak)
rCorr   .          Rampage  .   (no gloves)
Will    .....                   j - +0 pair of boots
Stlth   ..........              (no amulet)
HPRegen 0.15/turn               i - +4 ring of protection
MPRegen 0.09/turn               (no ring)

@: very slow
A: horns 2, retaliatory headbutt
a: Renounce Religion, Bend Time


You were on level 3 of the Dungeon.
You worshipped Cheibriados.
Cheibriados was aware of your devotion.
You visited 1 branch of the dungeon, and saw 3 of its levels.

You collected 189 gold pieces.

Inventory:

Hand Weapons
 a - a +0 war axe (weapon)
 v - a +0 trident
Armour
 c - a +0 buckler (worn)
 j - a +0 pair of boots (worn)
 m - a +0 kite shield
 t - a +0 plate armour (worn)
Jewellery
 g - an amulet of guardian spirit
 i - a +4 ring of protection (left hand)
Scrolls
 b - a scroll of fog {unknown}
 h - a scroll of poison {unknown}
 k - 2 scrolls of noise {unknown}
 l - a scroll of fear {unknown}
 n - 2 scrolls of brand weapon {unknown}
 p - 2 scrolls of enchant armour {unknown}
 q - 2 scrolls of identify {unknown}
 u - a scroll of teleportation {unknown}
 w - 2 scrolls of amnesia {unknown}
Potions
 d - a potion of might
 e - 2 potions of lignification {unknown}
 f - a potion of haste {unknown}
 o - 3 potions of brilliance {unknown}
 r - 2 potions of resistance {unknown}
 s - a potion of ambrosia {unknown}


   Skills:
 + Level 4.5 Fighting
 + Level 4.3 Axes
 + Level 4.5 Armour
 + Level 4.7 Shields


You had 4 spell levels left.
You didn't know any spells.
Your spell library was empty.

Dungeon Overview and Level Annotations

Branches:
Dungeon (3/15)

Altars:
Cheibriados


Innate Abilities, Weirdness & Mutations

You have a pair of horns on your head.
You reflexively headbutt those who attack you in melee.


Message History

You see here a hobgoblin corpse.
Found a ring mail.
No target in view!
You see here a +0 leather armour.
You see here a +0 leather armour.
w - 2 scrolls labelled HANEOC HAOSEKI No target in view!
There is a stone staircase leading down here.
Key pressed, stopping explore.
No target in view!
Key pressed, stopping explore.
No target in view!
No target in view!
No target in view!
As you open the door, it creaks loudly!
A hobgoblin comes into view.
Found 19 gold pieces.
There is an open door here.
A hobgoblin is nearby!
Found a faded altar of an unknown god.
You closely miss the hobgoblin.
The hobgoblin hits you but does no damage.
You slash the hobgoblin!
You kill the hobgoblin!
No target in view!
No target in view!
You enter the shallow water.
Moving in this stuff is going to be slow.
Found 12 gold pieces.
There is a faded altar of an unknown god here.
You cannot tell which god this altar belongs to.
Convert to them anyway?
Cheibriados accepts your prayer! Cheibriados welcomes you!
Cheibriados begins to support your attributes as your movement slows.
Cheibriados is now slowing the effects of poison on you.
You can now bend time to slow others.
Cheibriados raises the support of your attributes as your movement slows.
Unknown command.
Press < or > to pray at altars.
Are you sure you want to abandon this character and quit the game? (Confirm with "yes".)

#.## #.# .#
#.# #.# # #.#
#.#
#.###########
#.#.........#
#.#....~...$#
#.#.~..~..~.#
#.#.~..~..~.#
#.'####@####+
###.~..~..~.#
#.~..~..~.#
#....~....#
#.$.......#
###########


There were no monsters in sight!

Vanquished Creatures
  A jelly (D:2)
  A hound (D:3)
  Jessica (D:2)
  3 adders
  2 dart slugs
  An orc (D:3)
  3 endoplasms
  4 goblins
  8 hobgoblins
  2 kobolds
  3 quokkas
  2 ball pythons (D:1)
  4 bats (D:1)
  3 frilled lizards
  3 rats
41 creatures vanquished.

Notes
Turn   | Place    | Note
-------+----------+-------------------------------------------
     0 | D:1      | Exodus22XD the Minotaur Fighter began the quest for the
                  | Orb.
     0 | D:1      | Reached XP level 1. HP: 19/19 MP: 0/0
   195 | D:1      | Reached XP level 2. HP: 27/27 MP: 1/1
   849 | D:2      | Reached XP level 3. HP: 27/33 MP: 2/2
   997 | D:2      | Reached XP level 4. HP: 40/40 MP: 3/3
  1081 | D:2      | Noticed Jessica
  1088 | D:2      | Killed Jessica
  1749 | D:3      | Reached XP level 5. HP: 46/47 MP: 4/4
  1923 | D:3      | Found a faded altar of an unknown god.
  1930 | D:3      | Prayed at the altar of an unknown god.
  1930 | D:3      | Became a worshipper of Cheibriados the Contemplative
  1930 | D:3      | Reached * piety under Cheibriados
  1931 | D:3      | Quit the game

Illustrated notes

Levels and vault maps discovered:
D:1:      dpeg_arrival_refuge, layout_loops_ring
D:2:      layout_loops_ring, uniq_jessica
D:3:      layout_loops_ring, shapermc_ecumenical_altar_notcrosses,
          kennysheep_generic_room_9

Skill      XL: |  1  2  3  4 |
---------------+-------------+-----
Fighting       | 4 |  4.5
Shields        | 4 |  4.7
Armour         | 4 |  4.5
Axes           | 3 4 |  4.3

Action                   |  1- 3 |  4- 6 || total
-------------------------+-------+-------++-------
Melee: War axe           |    62 |    40 ||   102
       Headbutt          |     8 |     6 ||    14
Armor: Scale mail        |    33 |    10 ||    43
       Plate armour      |       |    13 ||    13
Dodge: Dodged            |    29 |    15 ||    44
Block: Buckler           |    18 |     5 ||    23
       Kite shield       |     9 |       ||     9
